 Dungeon Crawl Stone Soup version 0.29.1-1-gd02db6906a (webtiles) character file.

Game seed: 17632018558621439850

2714 Hadkhar the Fighter (level 9, -1/74 HPs)
             Began as a Barachi Hunter on Oct 19, 2022.
             Was a Priest of Dithmenos.
             Slain by a killer bee (3 damage)
             ... on level 7 of the Dungeon on Oct 20, 2022.
             The game lasted 00:51:27 (12090 turns).

Hadkhar the Fighter (Barachi Hunter)               Turns: 12090, Time: 00:51:28

Health: -1/74      AC: 11    Str: 13    XL:     9   Next: 66%
Magic:  9/9        EV: 12    Int: 15    God:    Dithmenos [***...]
Gold:   259        SH:  0    Dex: 20    Spells: 8/8 levels left

rFire   . . .      SeeInvis .   a - +0 shortbow
rCold   . . .      Faith    .   (shield currently unavailable)
rNeg    . . .      Spirit   .   c - +0 leather armour
rPois   .          Reflect  .   (no helmet)
rElec   .          Harm     .   (no cloak)
rCorr   .          Rampage  .   D - +1 pair of gloves
Will    .....                   w - +0 pair of boots
Stlth   +++++.....              (no amulet)
HPRegen 0.22/turn               h - +6 ring of intelligence
MPRegen 0.11/turn               s - +4 ring of protection

@: unable to hop, wreathed by umbra, studying Throwing, slow
A: amphibious, slowness 1, strong legs 1, +LOS
a: Hop, Renounce Religion, Shadow Step


You were on level 7 of the Dungeon.
You worshipped Dithmenos.
Dithmenos was most pleased with you.
You visited 1 branch of the dungeon, and saw 8 of its levels.

You collected 259 gold pieces.

Inventory:

Hand Weapons
 a - a +0 shortbow (weapon)
 u - a +2 dagger of venom
 H - a +2 falchion of freezing
Missiles
 m - 6 atropa-tipped darts
 x - 2 curare-tipped darts
 E - 6 poisoned darts
Armour
 c - a +0 leather armour (worn)
 l - a +0 scale mail
 n - a +0 tower shield
 t - a +0 ring mail
 w - a +0 pair of boots (worn)
 D - a +1 pair of gloves (worn)
 K - a +0 plate armour
Jewellery
 h - a +6 ring of intelligence (left hand)
 s - a +4 ring of protection (right hand)
 I - a +4 ring of protection
 J - a ring of ice
Wands
 r - a wand of digging (9)
 G - a wand of paralysis (16)
Scrolls
 b - 3 scrolls of immolation
 d - 4 scrolls of teleportation {unknown}
 e - 3 scrolls of blinking {unknown}
 f - 2 scrolls of vulnerability {unknown}
 i - 2 scrolls of identify
 p - 5 scrolls of magic mapping {unknown}
 v - 2 scrolls of fog {unknown}
 y - a scroll of torment {unknown}
 M - a scroll of amnesia {unknown}
Potions
 g - 2 potions of attraction
 o - a potion of mutation
 q - a potion of curing
 z - a potion of flight
 A - a potion of haste
 B - a potion of berserk rage
 C - a potion of cancellation {unknown}
 F - 3 potions of degeneration {unknown}
 L - 2 potions of brilliance {unknown}


   Skills:
 + Level 8.1 Fighting
 + Level 7.6 Ranged Weapons
 + Level 7.5 Armour
 - Level 2.1 Dodging
 + Level 6.4 Stealth


You had 8 spell levels left.
You didn't know any spells.
Your spell library contained the following spells:

 Spells                   Type           Power      Damage    Failure   Level
 Shock                    Conj/Air       0%         1d3       32%         1
 Ensorcelled Hibernation  Hex/Ice        0%         N/A       45%         2
 Passwall                 Tmut/Erth      0%         N/A       45%         2
 Call Canine Familiar     Summ           0%         N/A       69%         3
 Ignite Poison            Fire/Tmut/Pois 0%         N/A       69%         3
 Mephitic Cloud           Conj/Pois/Air  0%         N/A       69%         3
 Portal Projectile        Hex/Tloc       0%         N/A       69%         3
 Swiftness                Air            0%         N/A       69%         3
 Leda's Liquefaction      Hex/Erth       0%         N/A       97%         4
 Freezing Cloud           Conj/Ice/Air   0%         6-21      100%        5
 Irradiate                Conj/Tmut      0%         3d11      100%        5
 Iron Shot                Conj/Erth      0%         9d1       100%        6


Dungeon Overview and Level Annotations

Branches:
Dungeon (8/15)             Temple (0/1) D:7
   Lair: D:8-11

Altars:
Dithmenos
Gozag
Kikubaaqudgha
Nemelex Xobeh
Qazlal
Ru
Sif Muna
Trog
Vehumet
The Shining One

Shops:
D:5 *   D:7 [

Annotations:
D:6 1 runed translucent door, caveywoolpert's ghost, novice MiFi


Innate Abilities, Weirdness & Mutations

You are amphibious.
You cover ground slowly.
You can hop short distances.
You have an extended range of vision and can be seen from far away.


Message History

The killer bee stings you but does no damage.
The killer bee closely misses you.
Fire: a) +0 shortbow
Press: ? - help, Q - select action, (/) - cycle Shift-Dir - straight line, f/p - killer bee
Aim: a killer bee (severely wounded, umbra, 47% to hit)
You shoot an arrow. The arrow misses the killer bee.
The killer bee closely misses you. The killer bee stings you.
* * * LOW HITPOINT WARNING * * *
You are poisoned.
The killer bee poisons you! The killer bee misses you.
The killer bee stings you but does no damage.
Fire: a) +0 shortbow
Press: ? - help, Q - select action, (/) - cycle Shift-Dir - straight line, f/p - killer bee
Aim: a killer bee (severely wounded, umbra, 47% to hit)
You shoot an arrow. The arrow hits the killer bee.
The killer bee is almost dead.
You feel sick. The killer bee barely misses you. The killer bee misses you.
The killer bee closely misses you. The killer bee barely misses you.
The killer bee closely misses you. The killer bee stings you.
* * * LOW HITPOINT WARNING * * *
You are lethally poisoned!
The killer bee poisons you!
You feel better. The killer bee stings you.
* * * LOW HITPOINT WARNING * * *
The killer bee closely misses you. x2
The killer bee stings you but does no damage.
Fire: a) +0 shortbow
Press: ? - help, Q - select action, (/) - cycle Shift-Dir - straight line, f/p - killer bee
Aim: a killer bee (almost dead, umbra, 47% to hit)
You shoot an arrow. The arrow hits the killer bee!
You kill the killer bee!
Dithmenos accepts your kill. The killer bee closely misses you.
The killer bee stings you.
* * * LOW HITPOINT WARNING * * *
Fire: a) +0 shortbow
Press: ? - help, Q - select action, (/) - cycle Shift-Dir - straight line, f - killer bee
Aim: a killer bee (umbra, 47% to hit)
You shoot an arrow. The arrow barely misses the killer bee.
The killer bee completely misses you. The killer bee stings you.
You die...

#...## .....# ...#.#
#..#.#### #..#....#
#..#.#..# ###
#..#.#..# #.#
#..#....##########.#
#....>..........@#.###
#..#.#....####..y....#
...#.#.##.## #.....#.#
...#.#.....###.......#
.................#####
.#####.###.......# ..#
### #.#####.# ≈.#
##'#####.# ≈.#
#........#


You could see a killer bee.

Vanquished Creatures
  Menkaure (D:4)
  A steam dragon (D:7)
  A water moccasin (D:7)
  2 black bears
  An orc warrior (D:7)
  An ice beast (D:7)
  3 centaurs
  A phantom (D:6)
  A bullfrog (D:8)
  A gnoll sergeant (D:6)
  4 necrophages
  2 scorpions (D:5)
  4 wights
  A killer bee (D:7)
  2 howler monkeys (D:7)
  4 hounds
  3 orc priests
  A jelly (D:5)
  An iguana (D:4)
  13 orc wizards
  8 gnolls
  6 adders
  3 shadow imps
  A white imp (D:8)
  An ufetubus (D:6)
  3 dart slugs
  25 orcs
  4 bats
  5 endoplasms
  6 giant cockroaches
  7 goblins
  7 hobgoblins
  3 jackals (D:3)
  7 quokkas
  3 ball pythons
  3 frilled lizards
  9 kobolds
  20 rats
169 creatures vanquished.

Vanquished Creatures (others)
  An orc (D:7)
1 creature vanquished.

Grand Total: 170 creatures vanquished

Notes
Turn   | Place    | Note
-------+----------+-------------------------------------------
     0 | D:1      | Hadkhar the Barachi Hunter began the quest for the Orb.
     0 | D:1      | Reached XP level 1. HP: 17/17 MP: 1/1
    67 | D:1      | Reached skill level 1 in Stealth
   231 | D:1      | Reached XP level 2. HP: 22/23 MP: 2/2
   243 | D:1      | Found a faded altar of an unknown god.
   335 | D:1      | Prayed at the altar of an unknown god.
   335 | D:1      | Became a worshipper of Dithmenos the Shadowed
   335 | D:1      | Reached * piety under Dithmenos
   742 | D:1      | Reached skill level 1 in Armour
   939 | D:1      | Reached XP level 3. HP: 28/28 MP: 3/3
  1054 | D:2      | Reached skill level 3 in Fighting
  1422 | D:2      | You fall into a shaft and drop 2 floors!
  1523 | D:3      | Noticed a necrophage
  1587 | D:2      | Reached XP level 4. HP: 32/35 MP: 4/4
  1892 | D:3      | Killed a necrophage
  1893 | D:3      | Reached XP level 5. HP: 39/42 MP: 5/5
  2255 | D:3      | Reached ** piety under Dithmenos
  2662 | D:4      | Noticed a black bear
  2678 | D:4      | Killed a black bear
  2679 | D:4      | Reached skill level 4 in Fighting
  2679 | D:4      | Reached XP level 6. HP: 24/48 MP: 6/6
  3130 | D:4      | Reached skill level 5 in Ranged Weapons
  3224 | D:4      | Found an opulent altar of Gozag.
  3593 | D:4      | Reached *** piety under Dithmenos
  3594 | D:4      | Reached XP level 7. HP: 55/55 MP: 7/7
  3633 | D:5      | Entered Level 5 of the Dungeon
  3633 | D:5      | Noticed Menkaure
  4192 | D:4      | Killed Menkaure
  4193 | D:4      | Reached skill level 5 in Fighting
  4995 | D:5      | Found Dilum's Assorted Antiques.
  5202 | D:5      | Found a sparkling altar of Nemelex Xobeh.
  5209 | D:5      | Found a sacrificial altar of Ru.
  5376 | D:5      | Reached XP level 8. HP: 17/64 MP: 8/8
  5717 | D:5      | Reached skill level 5 in Armour
  6392 | D:5      | Reached skill level 6 in Fighting
  7321 | D:6      | Reached skill level 5 in Stealth
  8180 | D:6      | Reached skill level 7 in Fighting
  8686 | D:6      | Found a runed translucent door.
  8686 | D:6      | Noticed a troll
  8688 | D:6      | Noticed caveywoolpert's ghost (novice MiFi)
  8744 | D:6      | Reached XP level 9. HP: 65/72 MP: 9/9
  8881 | D:6      | Found a bloodstained altar of Trog.
  9049 | D:6      | Got Tul Tiud's Grimoire of the Barrage
  9702 | D:7      | Found a stormy altar of Qazlal.
  9822 | D:7      | Paralysed by an orc warrior for 5 turns
 10103 | D:7      | Found Schrutan's Dragon-Slaying Spoils.
 10649 | D:7      | Found an ancient bone altar of Kikubaaqudgha.
 10665 | D:7      | Found a radiant altar of Vehumet.
 10682 | D:7      | Found a shimmering blue altar of Sif Muna.
 10705 | D:7      | Found a staircase to the Ecumenical Temple.
 10750 | D:7      | Found a glowing golden altar of the Shining One.
 10919 | D:7      | Reached skill level 8 in Fighting
 11745 | D:8      | Noticed a kobold demonologist
 12089 | D:7      | HP: 1/74 [killer bee (4)]
 12090 | D:7      | Slain by a killer bee

Illustrated notes

Levels and vault maps discovered:
D:1:      dpeg_arrival_ternary, layout_basic, dreamdust_ecumenical_altar_grove,
          serial_bayou_lagoon_a, minmay_pentomino_r4
D:2:      layout_rooms
D:3:      layout_loops_ring
D:4:      layout_gridville, grunt_gozag_statues, minmay_rat_hole
D:5:      layout_loops_cross, mainiacjoe_overflow_large_starburst, serial_shops,
          nicolae_shop_stone, chequers_serial_rivers_large_a, uniq_menkaure
D:6:      layout_layer_cave, trog_book, ebering_ghost_inner_flame
D:7:      layout_basic, palyth_temple_overflow_mages, kennysheep_mini_moat,
          mainiacjoe_overflow_chevrons, minmay_temple_entry_slanted,
          nrook_mini_vaults, nicolae_shop_dragon_depot
D:8:      nzn_winding_woodlands_cross [nzn_winding_woodlands_5x15_crooked,
          nzn_winding_woodlands_5x15_default, nzn_winding_woodlands_5x15_cabin,
          nzn_winding_woodlands_5x15_river_crossing,
          nzn_winding_woodlands_15x15_thick_spiral], layout_basic, tgw_xom,
          serial_shops, nicolae_take_the_stairs, dk_rats_in_the_wall

Skill      XL: |  1  2  3  4  5  6  7  8  9 |
---------------+----------------------------+-----
Stealth        | 1 2 3 4 5 6 |  6.4
Armour         | 1 2 3 4 6 7 |  7.5
Fighting       | 3 4 5 7 8 |  8.1
Ranged Weapons | 5 6 7 |  7.6
Dodging        | |  2.1

Action                   |  1- 3 |  4- 6 |  7- 9 || total
-------------------------+-------+-------+-------++-------
Melee: Falchion          |       |       |   127 ||   127
       Punch             |       |       |     3 ||     3
       Shortbow          |       |       |     2 ||     2
 Fire: Shortbow          |   101 |   141 |   326 ||   568
Throw: Dart              |       |       |     3 ||     3
 Abil: Hop               |       |     2 |     3 ||     5
  Use: Scroll            |       |     5 |     3 ||     8
       Potion            |       |       |     4 ||     4
 Stab: Sleeping          |       |       |     4 ||     4
Armor: Leather armour    |    15 |    26 |   199 ||   240
Dodge: Dodged            |    38 |    91 |   315 ||   444
